 Dungeon Crawl Stone Soup version 0.29-a0-341-g24ffce5b50 (webtiles) character file.

Game seed: 9739311865354786937

355 siradein the Insei (level 6, -1/42 HPs)
             Began as an Octopode Transmuter on Apr 20, 2022.
             Slain by a black bear (3 damage)
             ... on level 5 of the Dungeon.
             The game lasted 00:11:19 (5090 turns).

siradein the Insei (Octopode Transmuter)            Turns: 5090, Time: 00:11:20

Health: -1/42      AC:  1    Str:  9    XL:     6   Next: 63%
Magic:  9/10       EV: 12    Int: 17    God:
Gold:   227        SH:  5    Dex: 13    Spells: 1/11 levels left

rFire   . . .      SeeInvis +     - Unarmed
rCold   . . .      Faith    .   k - +2 buckler "Qijiam" {rCorr}
rNeg    . . .      Spirit   .   (helmet restricted)
rPois   .          Reflect  .   (no amulet)
rElec   .          Harm     .   m - ring of see invisible
rCorr   +          Rampage  .   (no ring)
Will    .....                   (no ring)
Stlth   ++........              (no ring)
HPRegen 0.14/turn               (no ring)
MPRegen 0.12/turn               (no ring)
                                (no ring)
                                (no ring)

@: no status effects
A: almost no armour, amphibious, 8 rings, camouflage 1, gelatinous body 1,
(nimble swimmer 1), tentacles
a: no special abilities


You were on level 5 of the Dungeon.
You visited 1 branch of the dungeon, and saw 5 of its levels.

You collected 227 gold pieces.

Inventory:

Armour
 k - the +2 buckler "Qijiam" (worn) {rCorr}
   (You found it on level 2 of the Dungeon)

   rCorr:     It protects you from acid and corrosion.
Jewellery
 e - a ring of ice
 m - a ring of see invisible (left tentacle)
 p - a ring of ice
Wands
 u - a wand of paralysis (7)
Scrolls
 b - 2 scrolls of identify {unknown}
 c - 2 scrolls of noise {unknown}
 f - a scroll of enchant armour {unknown}
 i - 2 scrolls of vulnerability {unknown}
 j - 2 scrolls of enchant weapon {unknown}
 l - a scroll of fear {unknown}
 o - a scroll of blinking {unknown}
 q - 2 scrolls of teleportation
 r - 2 scrolls of torment {unknown}
Potions
 a - a potion of lignification
 d - 2 potions of haste {unknown}
 g - a potion of curing {unknown}
 h - a potion of attraction {unknown}
 n - a potion of flight {unknown}
 s - 2 potions of mutation {unknown}
 t - a potion of degeneration {unknown}


   Skills:
 + Level 3.0 Fighting
 - Level 2.0 Dodging
 + Level 4.2 Unarmed Combat
 + Level 3.3 Spellcasting
 + Level 3.6 Transmutations
 + Level 2.6 Poison Magic


You had one spell level left.
You knew the following spells:

 Your Spells              Type           Power      Damage    Failure   Level
a - Beastly Appendage     Tmut           30%        N/A       5%          1
b - Wereblood             Tmut           15%        N/A       8%          2
c - Spider Form           Tmut/Pois      13%        N/A       19%         3
d - Ice Form              Ice/Tmut       8%         N/A       73%         4

Your spell library contained the following spells:

 Spells                   Type           Power      Damage    Failure   Level
 Foxfire                  Conj/Fire      8%         2x1d4     24%         1
 Slow                     Hex            8%         N/A       24%         1
 Confusing Touch          Hex            2%         N/A       56%         3
 Conjure Flame            Conj/Fire      2%         6-21      56%         3
 Inner Flame              Hex/Fire       2%         N/A       56%         3
 Vampiric Draining        Necr           2%         2d6       56%         3
 Flame Wave               Conj/Fire      2%         2d4       93%         4


Dungeon Overview and Level Annotations

Branches:
Dungeon (5/15)
 Temple: D:4-7

Altars:


Innate Abilities, Weirdness & Mutations

You cannot wear most types of armour.
You are amphibious.
You can wear up to eight rings at the same time.
Your skin changes colour to match your surroundings (Stealth+).
Your rubbery body absorbs attacks. (AC +1, EV +1)
((You are camouflaged when in or above water. (Stealth+)))
You have tentacles for arms and can constrict up to eight enemies at once.


Message History

The black bear closely misses you. The black bear misses you.
You hit the black bear.
The black bear looks even sicker.
The black bear is lightly wounded.
The black bear misses you. The black bear barely misses you.
The black bear completely misses you.
You bite the black bear!
The black bear looks as sick as possible!
The black bear is heavily wounded.
The black bear bites you! The black bear completely misses you.
The black bear closely misses you.
The black bear attacks as you move away!
The black bear bites you. The black bear misses you. x2
The black bear attacks as you move away!
The black bear bites you. The black bear closely misses you.
The black bear claws you.
Your transformation has ended.
The +2 buckler "Qijiam" {rCorr} unmelds from your body.
The black bear attacks as you move away!
You block the black bear's attack. The black bear barely misses you. x2
The black bear goes berserk!
The black bear barely misses you. You block the black bear's attack.
The black bear claws you.
You tentacle-slap the black bear but do no damage.
You grab the black bear.
The black bear is almost dead.
You constrict the black bear, but do no damage.
The black bear bites you!
* * * LOW HITPOINT WARNING * * *
The black bear claws you.
* * * LOW HITPOINT WARNING * * *
The black bear barely misses you. The black bear completely misses you.
The black bear claws you.
* * * LOW HITPOINT WARNING * * *
The black bear claws you.
* * * LOW HITPOINT WARNING * * *
You release your grip on the black bear.
The black bear bites you.
* * * LOW HITPOINT WARNING * * *
The black bear barely misses you. The black bear claws you.
You die...

..####.##.......#######.#
..# #........<.........#
..# ####..#...##########
..# #..##### ..# #..#
..#######..# ........#..#
...........#############
#######.##.##...@h.....#
#.##..#.########.#
#.......# #.# #.###.###
#.# #.###.# #..
###...#.##### #..#
............# #..#
#####.#.....# #...
.......รท....... ....


You could see a black bear (berserk, very poisoned).

Vanquished Creatures
  Blork the orc (D:4)
  2 scorpions
  An iguana (D:5)
  4 adders
  5 gnolls (D:5)
  3 dart slugs
  2 orcs (D:4)
  4 bats
  10 endoplasms
  A giant cockroach (D:2)
  3 goblins
  9 hobgoblins
  2 quokkas
  7 ball pythons
  A frilled lizard (D:3)
  2 kobolds (D:4)
  5 rats
62 creatures vanquished.

Vanquished Creatures (others)
  5 fungi (D:4)
5 creatures vanquished.

Grand Total: 67 creatures vanquished

Notes
Turn   | Place    | Note
-------+----------+-------------------------------------------
     0 | D:1      | siradein the Octopode Transmuter began the quest for the
                  | Orb.
     0 | D:1      | Reached XP level 1. HP: 13/13 MP: 3/3
    18 | D:1      | Found a faded altar of an unknown god.
   163 | D:1      | Reached XP level 2. HP: 7/18 MP: 3/5
   857 | D:1      | Learned a level 2 spell: Wereblood
  1172 | D:2      | Reached XP level 3. HP: 19/23 MP: 4/6
  1720 | D:2      | Identified the +2 buckler "Qijiam" {rCorr}
  1938 | D:2      | Learned a level 3 spell: Spider Form
  2064 | D:3      | Reached XP level 4. HP: 26/29 MP: 5/7
  3149 | D:4      | Reached skill level 1 in Poison Magic
  3225 | D:4      | Noticed a scorpion
  3235 | D:4      | Noticed Blork the orc
  3244 | D:4      | Killed a scorpion
  3245 | D:4      | Reached XP level 5. HP: 27/35 MP: 6/9
  3249 | D:4      | Killed Blork the orc
  3561 | D:4      | Reached skill level 4 in Unarmed Combat
  3725 | D:4      | Learned a level 4 spell: Ice Form
  3890 | D:4      | Reached XP level 6. HP: 37/41 MP: 8/10
  4119 | D:5      | Entered Level 5 of the Dungeon
  5072 | D:5      | Noticed a black bear
  5090 | D:5      | HP: 2/42 [black bear (2)]
  5090 | D:5      | Slain by a black bear

Illustrated notes

Levels and vault maps discovered:
D:1:      eino_arrival_water_cross, layout_rooms,
          hellmonk_ecumenical_altar_zigzags
D:2:      layout_loops_ring, minmay_pentomino_v2
D:3:      layout_basic, minmay_misc_feat_nine_boxes, minmay_misc_feat_roman
D:4:      layout_basic, serial_aquarium, aquarium_bridge_square
          [aquarium_subvault_bridge, aquarium_subvault_bridge,
          aquarium_subvault_bridge, aquarium_subvault_bridge],
          aquarium_bridge_square [aquarium_subvault_window,
          aquarium_subvault_bridge, aquarium_subvault_wall,
          aquarium_subvault_bridge], aquarium_window_1, aquarium_window_1,
          aquarium_view_2d, aquarium_balcony_3a, aquarium_pool_1,
          uniq_blork_the_orc
D:5:      layout_loops_ring, minmay_starry_boxes

Skill      XL: |  1  2  3  4  5  6 |
---------------+-------------------+-----
Fighting       | 2 3 |  3.0
Poison Magic   | 1 2 |  2.6
Transmutations | 3 |  3.6
Spellcasting   | 3 |  3.3
Unarmed Combat | 4 |  4.2
Dodging        | |  2.0

Action                   |  1- 3 |  4- 6 || total
-------------------------+-------+-------++-------
Melee: Unarmed           |    55 |    96 ||   151
       Constrict         |    14 |    22 ||    36
       Kick              |    16 |    36 ||    52
       Tentacles         |    10 |    24 ||    34
       Punch             |     2 |     4 ||     6
 Cast: Beastly Appendage |    17 |    32 ||    49
       Spider Form       |       |     1 ||     1
  Use: Scroll            |       |     1 ||     1
 Stab: Sleeping          |     4 |     5 ||     9
       Distracted        |       |     1 ||     1
Armor: Skin              |     4 |     2 ||     6
Dodge: Dodged            |    30 |    50 ||    80
Block: Buckler           |     3 |    15 ||    18

Table legend: (Time is in decaauts)
 A = Elapsed time spent in this place.
 B = Non-inter-level travel time spent in this place.
 C = Inter-level travel time spent in this place.
 D = Time resting spent in this place.
 E = Time spent auto-exploring this place.
 F = Levels seen in this place.
 G = Mean time per level.
                   A        B        C        D        E       F      G
               +--------+--------+--------+--------+--------+-----+--------+
         Total |   5085 |   4967 |    118 |    448 |   3896 |   5 | 1017.0 |
       Dungeon |   5085 |   4967 |    118 |    448 |   3896 |   5 | 1017.0 |
               +--------+--------+--------+--------+--------+-----+--------+

Top non-repeatable levels by time:
     D:4: 1321 daAuts
     D:3: 1111 daAuts
     D:1: 1007 daAuts
     D:2: 974 daAuts
     D:5: 670 daAuts
